 Dungeon Crawl Stone Soup version 0.31-a0-1002-g8e65716e6e (webtiles) character file.

Game seed: 9634898495063498299

141 BinkBink the Covered (level 4, -3/38 HPs)
             Began as a Demigod Fighter on Nov 9, 2023.
             Slain by Edmund
             ... wielding a +1 flail of protection
              (10 damage)
             ... on level 4 of the Dungeon.
             The game lasted 00:02:39 (2383 turns).

BinkBink the Covered (Demigod Fighter)              Turns: 2383, Time: 00:02:39

Health: -3/38      AC: 10    Str: 21    XL:     4   Next: 73%
Magic:  6/6        EV:  9    Int: 10    God:
Gold:   211        SH:  5    Dex: 13    Spells: 3/3 levels left

rFire   . . .        j - +2 hand axe (flame)
rCold   . . .        c - +0 buckler
rNeg    . . .        b - +0 scale mail
rPois   .            u - +2 hat
rElec   .            (no cloak)
rCorr   .            n - +0 pair of gloves
SInv    .            (no boots)
Will    .....        (no amulet) Stlth
                     (no ring)
HPRegen 0.26/turn    (no ring)
MPRegen 0.10/turn

%: no passive effects
@: no status effects
A: high MP 1, forlorn, divine attributes
a: no special abilities


You were on level 4 of the Dungeon.
You visited 1 branch of the dungeon, and saw 4 of its levels.

You collected 211 gold pieces.

Inventory:

Hand Weapons
 j - a +2 hand axe of flaming (weapon)
Armour
 b - a +0 scale mail (worn)
 c - a +0 buckler (worn)
 n - a +0 pair of gloves (worn)
 u - a +2 hat (worn)
Talismans
 v - a dragon-blood talisman
Scrolls
 a - 2 scrolls of blinking {unknown}
 g - 6 scrolls of identify {unknown}
 h - 2 scrolls of teleportation {unknown}
 i - 2 scrolls of vulnerability {unknown}
 l - 2 scrolls of noise {unknown}
 o - a scroll of immolation {unknown}
 w - a scroll of enchant weapon {unknown}
Potions
 d - 3 potions of might
 e - 4 potions of cancellation {unknown}
 f - a potion of magic {unknown}
 k - 2 potions of resistance {unknown}
 m - 2 potions of brilliance {unknown}
 p - a potion of heal wounds {unknown}
 q - a potion of mutation {unknown}
 r - a potion of curing {unknown}
 s - a potion of lignification {unknown}
 t - 2 potions of degeneration {unknown}


   Skills:
 + Level 3.4 Fighting
 + Level 2.8 Axes
 + Level 3.5 Armour
 + Level 3.4 Shields


You had 3 spell levels left.
You didn't know any spells.
Your spell library contained the following spells:

 Spells                   Type           Power      Damage    Failure   Level
 Kiss of Death            Conj/Necr      0%         2d5       77%         1
 Cigotuvi's Dreadful Rot  Necr/Pois/Air  0%         N/A       88%         2
 Confusing Touch          Hex            0%         N/A       98%         3
 Ignite Poison            Fire/Tmut/Pois 0%         N/A       98%         3
 Dispel Undead            Necr           0%         3d6       100%        4
 Freezing Cloud           Conj/Ice/Air   0%         6-21      100%        5


Dungeon Overview and Level Annotations

Branches:
Dungeon (4/15)
 Temple: D:4-7

Annotations:
D:4 Edmund


Innate Abilities, Weirdness & Mutations

You have an increased reservoir of magic. (+10% MP)
You shall have no god before yourself.
Your divine heritage dramatically boosts your attributes as you level up.


Message History

Edmund is lightly wounded.
Edmund hits you with a +1 flail of protection.
You hit Edmund but do no damage.
Edmund is lightly wounded.
Edmund hits you with a +1 flail of protection!
You hit Edmund but do no damage.
Edmund is lightly wounded.
Edmund closely misses you.
You hit Edmund but do no damage.
Edmund is lightly wounded.
Edmund hits you with a +1 flail of protection. x2
You are too injured to fight recklessly!
You are too injured to fight recklessly!
You are too injured to fight recklessly!
You are too injured to fight recklessly!
You hit Edmund but do no damage.
Edmund is lightly wounded.
You block Edmund's attack.
You closely miss Edmund.
Edmund is lightly wounded.
Edmund barely misses you.
You closely miss Edmund.
Edmund is lightly wounded.
Edmund hits you with a +1 flail of protection!
* * * LOW HITPOINT WARNING * * *
You hit Edmund but do no damage.
Edmund is lightly wounded.
Edmund barely misses you.
You barely miss Edmund.
Edmund is lightly wounded.
Edmund hits you but does no damage. You block Edmund's attack.
You hit Edmund. You burn Edmund.
Edmund is lightly wounded.
Edmund hits you with a +1 flail of protection.
* * * LOW HITPOINT WARNING * * *
You hit Edmund. You burn Edmund.
Edmund is moderately wounded.
Edmund hits you with a +1 flail of protection!
You die...
Edmund says, "I'd like to see a scythe do that!"

####....#
......#..#
..#####..#
######### #..#
#.......# #..##
#.......#
#...###.......#
#.#..##.......#
#.##.##.@.....#
#. #.##.@.....#
#. #.##.......+
#) #..>.......#
#. ###..(.....#
#. #.....?..#
#.######## .(#
####


You could see Edmund.

Vanquished Creatures
  Jessica (D:2)
  3 gnolls (D:3)
  2 adders (D:2)
  2 worms (D:2)
  A dart slug (D:2)
  An orc (D:3)
  3 ball pythons
  6 bats
  8 endoplasms
  5 giant cockroaches
  5 goblins
  5 hobgoblins
  2 jackals (D:3)
  2 quokkas
  3 frilled lizards
  5 kobolds
  3 rats
57 creatures vanquished.

Notes
Turn   | Place    | Note
-------+----------+-------------------------------------------
     0 | D:1      | BinkBink the Demigod Fighter began the quest for the Orb.
     0 | D:1      | Reached XP level 1. HP: 18/18 MP: 3/3
   103 | D:1      | You fall into a shaft and drop 1 floor!
   197 | D:2      | Reached XP level 2. HP: 15/25 MP: 4/4
   284 | D:2      | Noticed Jessica
   291 | D:2      | Killed Jessica
   292 | D:2      | Reached XP level 3. HP: 17/31 MP: 5/5
   902 | D:1      | Reached XP level 4. HP: 34/38 MP: 6/6
  2364 | D:4      | Noticed Edmund
  2383 | D:4      | Slain by Edmund

Illustrated notes

Levels and vault maps discovered:
D:1:      minmay_arrival_four_loops, layout_basic
D:2:      minmay_spotlight, layout_basic, basic_altar,
          hellmonk_ecumenical_altar_prayer_group, minmay_box_of_dots,
          uniq_jessica
D:3:      layout_basic, amcnicky_altar_gilded
D:4:      layout_basic, mainiacjoe_overflow_surrounded_room, uniq_pikel,
          uniq_edmund, uniq_crazy_yiuf_cottage

Skill      XL: |  1  2 |
---------------+-------+-----
Axes           | 2 |  2.8
Fighting       | 3 |  3.4
Armour         | 3 |  3.5
Shields        | 3 |  3.4

Action                     |  1- 3 |  4- 6 || total
---------------------------+-------+-------++-------
  Melee: War axe           |    47 |       ||    47
         Hand axe          |    27 |    79 ||   106
 Armour: Scale mail        |    54 |    41 ||    95
  Dodge: Dodged            |    31 |    32 ||    63
  Block: Buckler           |    17 |    16 ||    33

Table legend: (Time is in decaauts)
 A = Elapsed time spent in this place.
 B = Non-inter-level travel time spent in this place.
 C = Inter-level travel time spent in this place.
 D = Time resting spent in this place.
 E = Time spent auto-exploring this place.
 F = Levels seen in this place.
 G = Mean time per level.
                   A        B        C        D        E       F      G
               +--------+--------+--------+--------+--------+-----+--------+
         Total |   2422 |   2308 |    114 |      2 |   1884 |   4 |  605.5 |
       Dungeon |   2422 |   2308 |    114 |      2 |   1884 |   4 |  605.5 |
               +--------+--------+--------+--------+--------+-----+--------+

Top non-repeatable levels by time:
     D:2: 944 daAuts
     D:3: 832 daAuts
     D:1: 567 daAuts
     D:4: 78 daAuts
